 Dungeon Crawl Stone Soup version 0.32-a0-22-g6ae6769602 (webtiles) character file.

Game seed: 17420722086751022627

2067 James the Spear-Bearer (level 9, -1/65 HPs)
             Began as a Merfolk Summoner on Jan 17, 2024.
             Was a Follower of the Shining One.
             Slain by a hornet (7 damage)
             ... on level 7 of the Dungeon on Jan 18, 2024.
             The game lasted 00:28:15 (7217 turns).

James the Spear-Bearer (Merfolk Summoner)           Turns: 7217, Time: 00:28:15

Health: -1/65      AC: 11    Str: 10    XL:     9   Next: 26%
Magic:  15/16      EV: 12    Int: 17    God:    the Shining One [*.....]
Gold:   368        SH:  0    Dex: 14    Spells: 7/17 levels left

rFire   . . .        X - +1 trident
rCold   . . .        (no shield)
rNeg    . . .        w - +0 ring mail
rPois   .            F - +0 helmet
rElec   .            h - +0 cloak
rCorr   .            x - +1 pair of gloves
SInv    .            B - +1 pair of boots
Will    .....        e - amulet of regeneration
Stlth   +            (no ring)
HPRegen 1.10/turn    (no ring)
MPRegen 0.15/turn

%: no passive effects
@: unable to call your familiar, slowed, glowing, very slow
A: (nimble swimmer 2), mertail
a: Renounce Religion, Divine Shield


You were on level 7 of the Dungeon.
You worshipped the Shining One.
The Shining One was aware of your devotion.
You visited 1 branch of the dungeon, and saw 7 of its levels.

You collected 368 gold pieces.

Inventory:

Hand Weapons
 k - a +0 dagger
   (You took it off a goblin on level 2 of the Dungeon)
 l - a +0 spear
   (You found it on level 2 of the Dungeon)
 o - a +0 sling
   (You took it off a goblin on level 2 of the Dungeon)
 C - the +2 scimitar "Lifebane" {pain, rF+ rN+}
   (You found it on level 5 of the Dungeon)

   rF+:       It protects you from fire.
   rN+:       It protects you from negative energy.
   The Shining One disapproves of the use of such an item.
 D - a +0 whip
   (You found it on level 1 of the Dungeon)
 Q - a +0 dagger of venom
   (You found it on level 6 of the Dungeon)
 X - a +1 trident (weapon)
   (You took it off an orc on level 3 of the Dungeon)
Missiles
 f - 46 stones
 g - a throwing net {!f}
 n - 18 poisoned darts
 V - 2 darts of dispersal {!f}
Armour
 a - a +0 robe
 d - a +0 robe
   (You took it off an orc wizard on level 5 of the Dungeon)
 h - a +0 cloak (worn)
   (You found it on level 2 of the Dungeon)
 j - a +0 robe
   (You took it off a goblin on level 2 of the Dungeon)
 m - a +0 scale mail
   (You found it on level 2 of the Dungeon)
 p - a +0 robe
   (You found it on level 2 of the Dungeon)
 t - a +0 robe
   (You found it on level 2 of the Dungeon)
 u - a +0 leather armour
   (You found it on level 3 of the Dungeon)
 w - a +0 ring mail (worn)
   (You found it on level 3 of the Dungeon)
 x - a +1 pair of gloves (worn)
   (You found it on level 3 of the Dungeon)
 y - a +0 ring mail
   (You took it off an orc on level 3 of the Dungeon)
 z - a +0 leather armour
   (You found it on level 3 of the Dungeon)
 B - a +1 pair of boots (worn)
   (You found it on level 3 of the Dungeon)
 E - a +0 ring mail
   (You found it on level 5 of the Dungeon)
 F - a +0 helmet (worn)
   (You found it on level 3 of the Dungeon)
 G - a +0 robe
   (You took it off an orc wizard on level 4 of the Dungeon)
 H - a +0 robe
   (You took it off an orc wizard on level 4 of the Dungeon)
 I - a +0 robe
   (You took it off an orc wizard on level 4 of the Dungeon)
 J - a +0 scale mail
   (You found it on level 5 of the Dungeon)
 K - a +0 robe
   (You took it off an orc wizard on level 6 of the Dungeon)
 L - a +0 scale mail
   (You found it on level 5 of the Dungeon)
 M - a +0 leather armour
   (You took it off an orc on level 6 of the Dungeon)
 N - a +0 leather armour
   (You took it off an orc on level 6 of the Dungeon)
 O - a +0 robe
   (You took it off an orc wizard on level 6 of the Dungeon)
 P - a +0 leather armour
   (You took it off an orc on level 6 of the Dungeon)
 T - a +0 plate armour
   (You found it on level 6 of the Dungeon)
 U - a +0 robe
   (You took it off an orc wizard on level 6 of the Dungeon)
 Y - a +0 robe
   (You found it on level 7 of the Dungeon)
 Z - a +0 ring mail
   (You took it off an orc on level 7 of the Dungeon)
Jewellery
 e - an amulet of regeneration (around neck)
   (You found it on level 3 of the Dungeon)
 S - a ring of fire
   (You found it on level 6 of the Dungeon)
Wands
 v - a wand of digging (6)
   (You found it on level 7 of the Dungeon)
 A - a wand of charming (11)
   (You found it on level 3 of the Dungeon)
Scrolls
 c - a scroll of blinking
 r - 2 scrolls of enchant armour
Potions
 b - 2 potions of magic
 i - 2 potions of invisibility
 q - 2 potions of enlightenment
 R - a potion of heal wounds {unknown}
 W - a potion of cancellation


   Skills:
 - Level 4.0 Fighting
 * Level 8.4 Polearms
 - Level 6.0 Dodging
 - Level 2.1 Stealth
 + Level 4.7 Spellcasting
 * Level 7.8 Summonings


You had 7 spell levels left.
You knew the following spells:

 Your Spells              Type           Power      Damage    Failure   Level
a - Summon Small Mammal   Summ           100%       N/A       1%          1
c - Call Canine Familiar  Summ           30%        N/A       4%          3
x - Call Imp              Summ           60%        N/A       2%          2
z - Summon Lightning Spi  Summ/Air       17%        N/A       58%         4

Your spell library contained the following spells:

 Spells                   Type           Power      Damage    Failure   Level
 Kiss of Death            Conj/Necr      16%        2d6       36%         1
 Summon Blazeheart Golem  Fire/Summ      17%        N/A       58%         4
 Confusing Touch          Hex            4%         N/A       75%         3
 Fugue of the Fallen      Necr           4%         N/A       75%         3
 Ozocubu's Armour         Ice            4%         N/A       75%         3
 Volatile Blastmotes      Fire/Tloc      8%         2d10      75%         3
 Cause Fear               Hex            2%         N/A       98%         4
 Dispel Undead            Necr           4%         3d7       98%         4
 Fulminant Prism          Conj/Alch      2%         3d5       98%         4
 Iskenderun's Mystic Bla  Conj/Tloc      4%         2d3       98%         4
 Manifold Assault         Tloc           4%         N/A       98%         4
 Fireball                 Conj/Fire      2%         3d4       100%        5
 Dragon's Call            Summ           15%        N/A       100%        9


Dungeon Overview and Level Annotations

Branches:
Dungeon (7/15)             Temple (0/1) D:7

Altars:
Ashenzari
Gozag
Kikubaaqudgha
Ru
Sif Muna
Vehumet
The Shining One

Shops:
D:4 =

Annotations:
D:4 1 exclusion


Innate Abilities, Weirdness & Mutations

((You are very nimble when in or above water. (Stealth+, EV+, Speed+++)))
Your lower body shifts to a powerful aquatic tail in water.


Message History

The hornet misses you.
Your quokka closely misses the hornet.
The hornet misses you.
Your quokka barely misses the hornet.
The hornet closely misses your quokka.
Your quokka bites the hornet.
The hornet stings your quokka.
Your quokka seems to slow down.
Your quokka closely misses the hornet.
You feel yourself speed up. The hornet barely misses your quokka.
The hornet stings your quokka!
Your quokka dies!
Your quokka's corpse disappears in a puff of smoke!
The hornet stings your inugami!
Your inugami seems to slow down.
Your inugami misses the hornet. The hornet stings your inugami!
Your inugami seems to slow down.
The hornet stings your inugami!
Your inugami dies!
Your inugami disappears in a puff of smoke!
You are too injured to fight recklessly!
Reach: X) +1 trident
Press: ? - help, Dir - move target, f/p - hornet
Aim: a hornet (heavily wounded, about 47% to evade your +1 trident)
You reach to attack!
You completely miss the hornet. You hit the hornet but do no damage.
The hornet stings you.
* * * LOW HITPOINT WARNING * * *
You feel yourself slow down.
You barely miss the hornet. The hornet stings you.
* * * LOW HITPOINT WARNING * * *
You feel as though you will be slow longer.
The hornet barely misses you.
Unknown command.
You hit the hornet. The hornet barely misses you. The steam dragon bites you.
* * * LOW HITPOINT WARNING * * *
The steam dragon closely misses you. The hornet stings you.
* * * LOW HITPOINT WARNING * * *
You feel as though you will be slow longer.
The steam dragon breathes steam at you. The ball of steam hits you!
* * * LOW HITPOINT WARNING * * *
Unknown command.
The hornet is engulfed in a cloud of scalding steam.
The hornet stings you but does no damage.
The hornet is engulfed in a cloud of scalding steam.
The hornet stings you but does no damage.
Unknown command.
The hornet is engulfed in a cloud of scalding steam.
The hornet attacks as it pursues you!
The hornet stings you but does no damage.
The hornet stings you!
You die...

######## #......#
#......# #....§.#
######..§D§.#
#.......oy@.###### ###
#####.#########......#
##.. #.....f##
#......# #...
#..####.o# #......#
#... # ##.###
#......########..
#).D('....#
#......#.....##..
#?.f)#....##
#......+.........
##$.#####..#
#......#....).... ##+
#.###......########'#


You could see a hornet, a steam dragon and an orc.

Vanquished Creatures
  An ogre (D:3)
  A centaur (D:6)
  A kobold brigand (D:7)
  2 bullfrogs
  2 scorpions (D:4)
  2 howler monkeys (D:5)
  2 orc priests
  A sleepcap (D:7)
  2 iguanas
  3 orc wizards
  An adder (D:3)
  A white imp (D:7)
  11 orcs
  A bat (D:2)
  6 endoplasms
  3 giant cockroaches
  3 goblins
  4 hobgoblins
  2 jackals (D:3)
  A quokka (D:1)
  4 frilled lizards
  4 kobolds
  4 rats
62 creatures vanquished.

Vanquished Creatures (collateral kills)
  Prince Ribbit (D:6)
  Menkaure (D:6)
  A water moccasin (D:5)
  A black bear (D:6)
  2 ogres (D:5)
  A phantom (D:6)
  A scorpion (D:5)
  A howler monkey (D:5)
  A jelly (D:7)
  3 orc priests
  2 iguanas
  6 orc wizards
  5 adders
  A shadow imp (D:5)
  A white imp (D:6)
  A dart slug (D:2)
  A ribbon worm (D:2)
  6 orcs
  A ball python (D:2)
  2 endoplasms
  2 giant cockroaches (D:1)
  2 goblins
  2 hobgoblins
  A frilled lizard (D:2)
  2 kobolds
  2 rats
50 creatures vanquished.

Grand Total: 112 creatures vanquished

Notes
Turn   | Place    | Note
-------+----------+-------------------------------------------
     0 | D:1      | James the Merfolk Summoner began the quest for the Orb.
     0 | D:1      | Reached XP level 1. HP: 13/13 MP: 3/3
   508 | D:1      | Reached XP level 2. HP: 20/20 MP: 1/5
   682 | D:1      | Learned a level 2 spell: Call Imp
  1010 | D:2      | Reached skill level 1 in Fighting
  1236 | D:2      | Reached XP level 3. HP: 21/26 MP: 4/6
  1473 | D:2      | Reached skill level 1 in Polearms
  1539 | D:2      | Found an opulent altar of Gozag.
  1643 | D:2      | Reached XP level 4. HP: 30/32 MP: 3/7
  1721 | D:2      | Learned a level 3 spell: Call Canine Familiar
  1964 | D:3      | Noticed an ogre
  1979 | D:3      | Killed an ogre
  1980 | D:3      | Reached skill level 2 in Polearms
  1980 | D:3      | Reached XP level 5. HP: 38/38 MP: 7/9
  2964 | D:4      | Found a broken altar of Ashenzari.
  2990 | D:4      | Found an ancient bone altar of Kikubaaqudgha.
  3036 | D:4      | Found a shimmering blue altar of Sif Muna.
  3042 | D:4      | Reached skill level 3 in Polearms
  3042 | D:4      | Reached skill level 5 in Summonings
  3042 | D:4      | Reached XP level 6. HP: 45/45 MP: 10/10
  3155 | D:4      | Found a radiant altar of Vehumet.
  3390 | D:4      | Found Ituniveh's Jewellery Shoppe.
  3408 | D:4      | Found a sacrificial altar of Ru.
  3470 | D:4      | Found a glowing golden altar of the Shining One.
  3479 | D:4      | Became a worshipper of the Shining One
  3632 | D:4      | Reached skill level 4 in Polearms
  4087 | D:5      | Entered Level 5 of the Dungeon
  4135 | D:5      | Reached XP level 7. HP: 40/51 MP: 7/11
  4136 | D:5      | Identified the +2 scimitar "Lifebane" {pain, rF+ rN+}
  4259 | D:5      | Reached skill level 5 in Polearms
  5096 | D:5      | Reached skill level 6 in Polearms
  5096 | D:5      | Reached XP level 8. HP: 58/58 MP: 7/13
  5209 | D:5      | Reached skill level 5 in Dodging
  5766 | D:6      | Noticed Prince Ribbit
  5779 | D:6      | Upgraded the game from 0.32-a0-19-g28bc0835a1 to
                  | 0.32-a0-22-g6ae6769602
  5779 | D:6      | Killed Prince Ribbit
  5780 | D:6      | Reached skill level 7 in Polearms
  6029 | D:6      | Noticed Menkaure
  6035 | D:6      | Killed Menkaure
  6035 | D:6      | Reached * piety under the Shining One
  6041 | D:6      | Reached XP level 9. HP: 50/65 MP: 15/15
  6568 | D:7      | Found a staircase to the Ecumenical Temple.
  6741 | D:7      | Reached skill level 8 in Polearms
  6906 | D:7      | Learned a level 4 spell: Summon Lightning Spire
  7182 | D:7      | Noticed a hornet
  7188 | D:7      | Paralysed by a hornet for 3 turns
  7199 | D:7      | Paralysed by a hornet for 1 turns
  7215 | D:7      | HP: 3/65 [steam dragon/ball of steam (10)]
  7217 | D:7      | Slain by a hornet

Illustrated notes

Levels and vault maps discovered:
D:1:      co_arrival_random_square_maze, layout_basic
D:2:      layout_loops_ring, basic_altar
D:3:      layout_loops_ring, minivault_5, minmay_misc_feat_doors
D:4:      layout_rooms, palyth_temple_overflow_mages,
          nicolae_ru_sacrificial_ziggurat, cheibrodos_ashenzari_chains,
          mainiacjoe_overflow_alcove_4, serial_shops, shop, lemuel_flame_loot_1
D:5:      layout_basic, kennysheep_generic_room_3
D:6:      layout_layer_cave, uniq_menkaure, uniq_prince_ribbit1
D:7:      cheibrodos_helix_gallery, layout_gridville,
          chequers_temple_overflow_statue_of_worship,
          minmay_temple_entry_sparse_star, nrook_pool_corridor,
          minmay_joined_circles, uniq_duvessa

Skill      XL: |  1  2  3  4  5  6  7  8  9 |
---------------+----------------------------+-----
Dodging        | 3 4 5 6 |  6.0
Fighting       | 1 2 3 4 |  4.0
Polearms       | 1 2 3 4 6 7 8 |  8.4
Summonings     | 5 6 7 |  7.8
Spellcasting   | 3 4 |  4.7
Stealth        | |  2.1

Action                     |  1- 3 |  4- 6 |  7- 9 || total
---------------------------+-------+-------+-------++-------
  Melee: Unarmed           |    21 |       |       ||    21
         Whip              |    30 |       |       ||    30
         Spear             |    24 |    20 |       ||    44
         Dagger            |     5 |       |       ||     5
         Trident           |       |    99 |   184 ||   283
         Punch             |       |     2 |     1 ||     3
   Cast: Summon Small Mamm |    24 |     7 |    23 ||    54
         Call Imp          |    11 |     6 |       ||    17
         Call Canine Famil |       |     7 |    18 ||    25
  Evoke: Wand              |       |       |     1 ||     1
    Use: Scroll            |       |     7 |     6 ||    13
         Potion            |       |       |     2 ||     2
   Stab: Sleeping          |     1 |     6 |       ||     7
         Distracted        |     1 |       |       ||     1
 Armour: Robe              |    36 |    53 |    71 ||   160
         Ring mail         |       |       |    52 ||    52
  Dodge: Dodged            |    51 |    63 |   110 ||   224

Table legend: (Time is in decaauts)
 A = Elapsed time spent in this place.
 B = Non-inter-level travel time spent in this place.
 C = Inter-level travel time spent in this place.
 D = Time resting spent in this place.
 E = Time spent auto-exploring this place.
 F = Levels seen in this place.
 G = Mean time per level.
                   A        B        C        D        E       F      G
               +--------+--------+--------+--------+--------+-----+--------+
         Total |   7242 |   6918 |    324 |    717 |   4634 |   7 | 1034.6 |
       Dungeon |   7242 |   6918 |    324 |    717 |   4634 |   7 | 1034.6 |
               +--------+--------+--------+--------+--------+-----+--------+

Top non-repeatable levels by time:
     D:6: 1459 daAuts
     D:4: 1195 daAuts
     D:3: 995 daAuts
     D:1: 994 daAuts
     D:5: 992 daAuts
     D:2: 935 daAuts
     D:7: 668 daAuts
